Map: Primeval Wilds

Players

LeGreatWonka

  • Race: Terran Terran
  • Spawn Location: 3:00

HAMMER

  • Race: Protoss Protoss
  • Spawn Location: 12:00

Flagg

  • Race: Protoss Protoss
  • League: Silver
  • Spawn Location: 9:00

eduardo

  • Race: Protoss Protoss
  • Spawn Location: 12:00

Infamous

  • Race: Protoss Protoss
  • League: Gold
  • Spawn Location: 7:00

Goliath

  • Race: Protoss Protoss
  • Spawn Location: 5:00

nanohtpc

  • Race: Terran Terran
  • Spawn Location: 6:00

UtilityFan

  • Race: Terran Terran
  • Spawn Location: 6:00

VOD

Have the link to the VOD?

Description

Time

  • Played on: April 12, 2018, 11:06 a.m.
  • Length: 3:20
Show
View Real Time Build Order
Export as new Build Order

LeGreatWonka Terran 

Build Orders:  

Get SALT Encoding   

  12  0:17  SCV  
  12  0:19  Supply Depot  
  13  0:29  SCV  
  14  0:45  Barracks  
  14  0:47  SCV  
  15  0:52  Refinery  
  15  1:00  SCV  
  16  1:12  Refinery  
  16  1:33  Marine  
  16  1:39  Barracks  
  17  1:59  Reaper  
  18  2:03  SCV  
  19  2:10  Factory  
  19  2:15  SCV  
  20  2:27  SCV  
  21  2:31  Reaper  
  22  2:39  SCV  
  22  2:40  Barracks Reactor  
  23  2:49  Supply Depot  
  23  2:51  Orbital Command  
Show
View Real Time Build Order
Export as new Build Order

HAMMER Protoss 

Build Orders: Cannon Rush 

Get SALT Encoding   

  12  0:02  Probe  
  13  0:14  Pylon  
  13  0:19  Probe (Chrono Boost)  
  14  0:30  Probe (Chrono Boost)  
  14  0:35  Probe (Chrono Boost)  
  16  0:43  Forge  
  16  0:48  Probe  
  17  1:00  Pylon, Probe (Chrono Boost)  
  19  1:13  Probe (Chrono Boost)  
  19  1:20  Photon Cannon  
  19  1:23  Photon Cannon  
  19  1:31  Pylon  
  19  1:39  Photon Cannon  
  19  1:46  Pylon  
  18  2:11  Probe  
  19  2:23  Probe  
  20  2:34  Photon Cannon  
  20  2:35  Probe  
  21  2:39  Photon Cannon  
  21  2:51  Photon Cannon  
  21  2:56  Pylon  
  21  3:08  Pylon  
Show
View Real Time Build Order
Export as new Build Order

Flagg Protoss 

Build Orders: Cannon Rush 

Get SALT Encoding   

  12  0:01  Probe (Chrono Boost)  
  13  0:11  Probe (Chrono Boost)  
  14  0:24  Pylon, Probe  
  15  0:32  Assimilator  
  15  0:45  Forge  
  15  0:49  Probe  
  16  1:01  Probe  
  17  1:13  Probe  
  18  1:18  Photon Cannon  
  18  1:23  Photon Cannon  
  18  1:32  Photon Cannon  
  18  1:57  Photon Cannon  
  18  2:03  Pylon, Probe (Chrono Boost)  
  19  2:11  Assimilator  
  19  2:17  Gateway  
  19  2:29  Gateway  
  19  2:40  Gateway  
  19  2:41  Probe  
  20  2:58  Gateway  
  20  2:59  Probe  
Show
View Real Time Build Order
Export as new Build Order

eduardo Protoss 

Build Orders:  

Get SALT Encoding   

Show
View Real Time Build Order
Export as new Build Order

Infamous Protoss 

Build Orders:  

Get SALT Encoding   

  12  0:38  Probe (Chrono Boost)  
  12  0:42  Pylon  
  13  0:52  Assimilator  
  13  0:54  Probe (Chrono Boost)  
  14  1:01  Gateway  
  14  1:02  Gateway  
  14  1:03  Probe  
  15  1:22  Probe (Chrono Boost)  
  16  1:32  Probe (Chrono Boost)  
  17  1:37  Assimilator  
  17  1:40  Pylon  
  17  1:45  Probe  
  18  1:48  Cybernetics Core  
  18  2:05  Zealot  
  19  2:20  Forge  
  19  2:34  Robotics Facility  
  17  3:00  Photon Cannon  
Show
View Real Time Build Order
Export as new Build Order

Goliath Protoss 

Build Orders:  

Get SALT Encoding   

  12  0:39  Pylon  
  12  0:42  Probe (Chrono Boost)  
  13  0:52  Probe (Chrono Boost)  
  14  0:59  Gateway  
  14  1:04  Probe (Chrono Boost)  
  15  1:14  Probe (Chrono Boost)  
  16  1:20  Probe  
  17  1:27  Forge  
  17  1:32  Probe  
  18  2:04  Assimilator  
  18  2:06  Assimilator  
  18  2:12  Cybernetics Core  
  18  2:26  Probe (Chrono Boost)  
  18  2:28  Nexus  
  19  2:35  Probe (Chrono Boost)  
  20  2:39  Pylon  
  20  2:43  Photon Cannon  
  20  2:49  Probe  
  20  2:50  Photon Cannon  
  21  3:01  Probe  
  22  3:13  Stargate  
Show
View Real Time Build Order
Export as new Build Order

nanohtpc Terran 

Build Orders:  

Get SALT Encoding   

  12  0:18  Supply Depot  
  12  0:26  SCV  
  12  0:27  Engineering Bay  
  13  0:38  SCV  
  14  1:01  Refinery  
  14  1:05  Refinery  
  14  1:11  Missile Turret  
  14  1:16  Barracks  
  14  1:24  SCV  
  15  1:37  SCV  
  16  2:28  Factory  
  16  2:29  Marine  
  17  2:47  Marine  
  19  3:12  Factory Tech Lab  
Show
View Real Time Build Order
Export as new Build Order

UtilityFan Terran 

Build Orders:  

Get SALT Encoding   

  12  0:01  SCV  
  13  0:13  SCV  
  14  0:26  Refinery  
  14  0:27  Supply Depot  
  14  0:43  SCV  
  15  0:54  Barracks  
  15  1:57  Bunker  
  15  2:07  Barracks  
  15  3:01  Factory  
Tags
 
Add a new tag
Caveats
  • Supply blocks, unpowered buildings, or Contaminate may cause inaccurate times.
  • Supply counts are checked every 10 seconds.